 Dungeon Crawl Stone Soup version 0.26-a0-639-g72c4674329 (webtiles) character file.

Game seed: 1940177122212489534

179568 Kaptain the Devastator (level 18, -1/161 HPs)
             Began as an Octopode Hedge Wizard on Sept 14, 2020.
             Slain by a seven-headed hydra (8 damage)
             ... on level 4 of the Swamp on Sept 15, 2020.
             The game lasted 04:57:56 (44513 turns).

Kaptain the Devastator (Octopode Hedge Wizard)     Turns: 44513, Time: 04:57:56

Health: -1/161     AC: 33    Str: 10    XL:     18   Next: 24%
Magic:  19/45      EV: 15    Int: 36    God:
Gold:   2786       SH:  5    Dex: 12    Spells: 6/46 levels left

rFire    + . .     SeeInvis .   z - +7 hand axe of Ulunuori {distort, rF+ MP+9 Int+5}
rCold    + . .     Faith    .   h - +0 buckler
rNeg     + . .     Spirit   .   b - +2 hat
rPois    ∞         Reflect  .   M - amulet of magic regeneration
rElec    +         Harm     .   c - +6 ring of intelligence
rCorr    +         Rampage  .   i - +4 ring of protection
MR       +....     Clarity  +   J - ring of wizardry
Stlth    +++++++...             B - ring of stealth
HPRegen  0.36/turn              D - ring of poison resistance
MPRegen  0.54/turn              X - ring of resist corrosion
                                g - ring of stealth
                                S - ring of protection from cold

@: swift, statue-form, grasped by roots, slowed, constricted, very slow
A: almost no armour, stealthy swim, amphibious, 8 rings, constrict 8, camouflage
1, clarity, clever 1
a: End Transformation


You were on level 4 of the Swamp.
You were a stone statue.
You visited 6 branches of the dungeon, and saw 29 of its levels.
You also visited: Ice Cave.

You collected 4102 gold pieces.
You spent 1316 gold pieces at shops.

Inventory:

Hand Weapons
 z - the +7 hand axe of Ulunuori (weapon) {distort, rF+ MP+9 Int+5}
   (You found it on level 1 of the Swamp)

   It warps and distorts space around it.
   Unwielding it can cause banishment or high damage.
   It affects your intelligence (+5).
   It protects you from fire.
   It affects your magic capacity (+9).
 U - the +10 war axe of Watchfulness {vorpal, rC+ Int+4}
   (You bought it in a shop on level 11 of the Dungeon)

   It inflicts extra damage upon your enemies.
   It affects your intelligence (+4).
   It protects you from cold.
 W - the cursed +0 great sword of Foolhardiness {vorpal, MR++}
   (You found it on level 14 of the Dungeon)

   It inflicts extra damage upon your enemies.
   It affects your resistance to hostile enchantments.
   It has a curse placed upon it.
Missiles
 j - 898 stones (quivered)
Armour
 b - a +2 hat (worn)
 h - a +0 buckler (worn)
Magical Staves
 L - an uncursed staff of earth
 Y - an uncursed staff of conjuration
Jewellery
 c - a +6 ring of intelligence (left tentacle)
 g - a ring of stealth (on tentacle)
 i - a +4 ring of protection (right tentacle)
 n - a +4 ring of evasion
 s - an uncursed ring of ice
 t - an uncursed ring of fire
 B - a ring of stealth (on tentacle)
 D - a ring of poison resistance (on tentacle)
 J - a ring of wizardry (on tentacle)
 M - an amulet of magic regeneration (around mantle)
 Q - an uncursed amulet of regeneration
 R - a +6 ring of dexterity
 S - a ring of protection from cold (on tentacle)
 V - an uncursed ring of protection from cold
 X - a ring of resist corrosion (on tentacle)
Wands
 r - a wand of disintegration (3)
 w - a wand of iceblast (6)
 x - a wand of digging (11)
Scrolls
 d - 13 scrolls of identify
 f - 8 scrolls of remove curse
 k - 2 scrolls of amnesia
 o - a scroll of holy word
 q - 6 scrolls of enchant armour
 u - 7 scrolls of teleportation
 E - 4 scrolls of enchant weapon
 G - 3 scrolls of immolation
 I - 3 scrolls of fog
 T - a scroll of summoning
Potions
 a - 3 potions of might
 l - 13 potions of curing
 m - 4 potions of cancellation
 p - 7 potions of flight
 v - a potion of magic
 A - 3 potions of haste
 C - 2 potions of resistance
 F - a potion of invisibility
 H - 2 potions of brilliance
 O - 4 potions of mutation
 P - 3 potions of stabbing
 Z - a potion of ambrosia


   Skills:
 + Level 11.5 Fighting
 + Level 11.7 Dodging
 - Level 10.0 Stealth
 - Level 7.2 Shields
 * Level 14.9 Spellcasting
 * Level 15.6 Conjurations
   Level 1.0 Summonings
 - Level 1.0 Translocations
 + Level 3.8 Fire Magic
 + Level 13.2 Earth Magic


You had 6 spell levels left.
You knew the following spells:

 Your Spells              Type           Power        Failure   Level
a - Iron Shot             Conj/Erth      #######...   1%          6
b - Bolt of Magma         Conj/Fire/Erth #######...   1%          5
c - Mephitic Cloud        Conj/Pois/Air  ######..     1%          3
d - Conjure Flame         Conj/Fire      #######.     1%          3
e - Orb of Destruction    Conj           #######...   1%          7
f - Blink                 Tloc           N/A          1%          2
g - Swiftness             Air            ####....     1%          2
h - Animate Skeleton      Necr           ####..       1%          1
k - Lee's Rapid Deconstr  Erth           #######...   1%          5
l - Statue Form           Tmut/Erth      ######...    6%          6

Your spell library contained the following spells:

 Spells                   Type           Power        Failure   Level
 Magic Dart               Conj           ####         0%          1
 Sandblast                Erth           ######       0%          1
 Stone Arrow              Conj/Erth      ######       0%          3
 Apportation              Tloc           ####..       1%          1
 Beastly Appendage        Tmut           ####..       1%          1
 Corona                   Hex            ####...      1%          1
 Shock                    Conj/Air       ####         1%          1
 Sting                    Tmut/Pois      ####         1%          1
 Summon Small Mammal      Summ           ####         1%          1
 Call Imp                 Summ           ####....     1%          2
 Corpse Rot               Necr/Air       N/A          1%          2
 Ensorcelled Hibernation  Hex/Ice        ####..       1%          2
 Passwall                 Tmut/Erth      ######..     1%          2
 Poisonous Vapours        Pois/Air       ####..       1%          2
 Slow                     Hex            ####....     1%          2
 Sublimation of Blood     Necr           ####......   1%          2
 Wereblood                Tmut           ####....     1%          2
 Confusing Touch          Hex            ####....     1%          3
 Dazzling Flash           Conj/Hex       ######       1%          3
 Gell's Gravitas          Tloc           ####......   1%          3
 Ignite Poison            Fire/Tmut/Pois #####...     1%          3
 Inner Flame              Hex/Fire       #####...     1%          3
 Spider Form              Tmut/Pois      ####......   1%          3
 Static Discharge         Conj/Air       ######..     1%          3
 Tukima's Dance           Hex            ####....     1%          3
 Petrify                  Tmut/Erth      ######..     1%          4
 Iskenderun's Battlesphe  Conj           #######.     1%          5
 Lightning Bolt           Conj/Air       ######....   1%          5
 Summon Lightning Spire   Summ/Air       ####....     4%          4
 Airstrike                Air            ####......   6%          4
 Dispel Undead            Necr           ####....     6%          4
 Ice Form                 Ice/Tmut       ####....     6%          4
 Olgreb's Toxic Radiance  Pois           ####....     6%          4
 Freezing Cloud           Conj/Ice/Air   ######....   11%         6
 Agony                    Necr           ####....     16%         5
 Blade Hands              Tmut           ####......   16%         5
 Excruciating Wounds      Necr           ####......   16%         5
 Metabolic Englaciation   Hex/Ice        ####......   16%         5
 Yara's Violent Unravell  Hex/Tmut       ####......   16%         5
 Spellforged Servitor     Conj/Summ      ######....   16%         7
 Ignition                 Fire           ######....   99%         8


Dungeon Overview and Level Annotations

Branches:
Dungeon (15/15)            Temple (1/1) D:6            Lair (6/6) D:8
  Swamp (4/4) Lair:2       Spider (0/4) Lair:2        Slime (0/5) Lair:5
    Orc (2/2) D:12            Elf (0/3) Orc:2        Vaults (0/5) D:14
 Depths (1/5) D:15          IceCv (visited)

Altars:
Ashenzari
Cheibriados
Dithmenos
Elyvilon
Fedhas
Gozag
Hepliaklqana
Kikubaaqudgha
Makhleb
Nemelex Xobeh
Okawaru
Qazlal
Ru
Sif Muna
Trog
Uskayaw
Vehumet
Wu Jian
Xom
Yredelemnul
Zin
The Shining One
Jiyva

Shops:
D:4 [   D:7 =   D:11 (   D:12 (   D:14 *[   Orc:2 (}[[

Annotations:
D:12 Urug
Lair:1 exclusion: oklob plant
Swamp:2 3 runed translucent doors, Xylaz's ghost, adept GrFi


Innate Abilities, Weirdness & Mutations

You cannot wear most types of armour.
You are very stealthy in the water. (Stealth+)
You are amphibious.
You can wear up to eight rings at the same time.
You can use your tentacles to constrict eight enemies at once.
Your skin changes colour to match your surroundings (Stealth+).
((Your rubbery body absorbs attacks. (AC +1, EV +1)))
((You are partially covered in yellow scales. (AC +2)))
You possess an exceptional clarity of mind.
Your mind is acute. (Int +2)


Message History

The seven-headed hydra is moderately wounded.
The bolt of magma hits the bog body!!
The bog body partially resists.
The bog body is severely damaged.
The bolt of magma hits the four-headed hydra!
The four-headed hydra is moderately wounded.
The seven-headed hydra bites you.
* * * LOW HITPOINT WARNING * * *
The seven-headed hydra bites you but does no damage.
The seven-headed hydra closely misses you.
The seven-headed hydra completely misses you.
The seven-headed hydra bites you.
* * * LOW HITPOINT WARNING * * *
You block the seven-headed hydra's attack.
The seven-headed hydra bites you but does no damage.
* * * LOW HITPOINT WARNING * * *
The grasping roots constrict you.
The seven-headed hydra completely misses you.
The seven-headed hydra bites you but does no damage.
The seven-headed hydra bites you!
You die...

*,,≈§..≈....≈.≈.○..≈^....,,≈,,,≈
***,♣≈....≈..≈°.≈°....≈.≈.,≈,,,,,
,≈,,,♣≈.≈......°°°...≈....≈,,≈≈,≈
≈..≈♣♣♣.≈....♣.°°°.≈≈...≈≈,,,≈,,≈
≈≈.≈≈♣**♣≈..≈≈≈°kD.≈.♣.≈≈,,,≈,,≈,
≈..≈.♣ **♣§≈.≈.♣f.....≈≈.≈...≈.≈,
...≈♣♣♣♣≈≈.#♣#≈$nD#♣....(.≈.♣...≈
.≈≈.≈...≈#♣*####D##♣*≈≈...≈♣..≈.,
≈≈≈...≈.****#.≈≈8..#**≈≈≈≈....,,≈
§≈≈≈≈.♣**#....≈≈....#**≈≈≈≈≈.,,,,
≈≈≈≈≈.##,..(..≈≈≈....#*♣..≈♣,,,**
D○≈§...k,...≈≈≈≈≈≈....#♣≈.♣,,,**
Dk≈.♣≈.#*..≈≈≈≈≈≈.≈..###≈♣♣♣,**
°§≈.§.≈♣##≈..≈≈≈≈.≈≈###≈≈♣.♣♣*
≈..≈≈♣≈§####..≈≈:φ###♣.≈≈..≈♣
♣♣.≈....≈#♣##########≈.♣..≈♣♣
*♣♣≈≈.≈..♣♣# ♣♣♣♣#♣..≈....♣♣


You could see a shambling mangrove, a seven-headed hydra, a four-headed hydra, a
swamp dragon (strong), a bog body and a swamp drake (strong).

Vanquished Creatures
  Bai Suzhen (Swamp:3)
  Nikola (Swamp:3)
  An Ice Fiend (Depths:1)
  An acid blob (Lair:6)
  Gastronok (D:8)
  A storm dragon (D:12)
  2 thorn hunters
  A fire giant (Depths:1)
  The ghost of radzia the Spry, an adept KoFi of Gozag (Swamp:4)
  A frost giant (IceCv)
  2 very ugly things (Depths:1)
  The ghost of rayg00n the Covert, a journeyman OpBe of Trog (Swamp:1)
  A stone giant (Depths:1)
  Snorg (D:13)
  An ettin (D:15)
  A fire dragon (Depths:1)
  2 death oozes
  The ghost of Ridgh the Fighter, a journeyman DrAE of Vehumet (D:8)
  The ghost of Ridgh the Fighter, a journeyman DrAE of Vehumet (D:9)
  3 great orbs of eyes
  Erolcha (D:13)
  2 ice dragons (Depths:1)
  13 hydras
  A vault guard (D:14)
  2 ghost crabs
  Harold (D:7)
  3 catoblepae
  3 shambling mangroves
  3 centaur warriors
  4 deep troll shamans
  A deep troll earth mage (Depths:1)
  4 two-headed ogres
  11 alligators
  An ogre mage (D:15)
  3 tengu warriors
  The ghost of Cummixusk the Blocker, a novice FoFi of Okawaru (D:9)
  12 death yaks
  An orc high priest (Orc:2)
  4 iron trolls
  The ghost of Yhenk the Jinx, a novice BaCj of Cheibriados (D:8)
  Sonja (D:12)
  A deep elf knight (D:15)
  3 skeletal warriors (D:13)
  28 slime creatures
  A spectral hydra (Swamp:1)
  The ghost of Bivu the Thaumaturge, a novice DEAE of Ashenzari (D:9)
  A spriggan druid (Swamp:4)
  6 deep trolls (Depths:1)
  An unseen horror (D:12)
  A glowing orange brain (D:14)
  6 swamp dragons
  A deep elf archer (D:15)
  Pikel (D:8)
  An orc knight (Orc:2)
  19 ugly things
  A wolf spider zombie (D:15)
  A wolf spider (D:15)
  An orb spider (shapeshifter) (D:15)
  6 orc sorcerers
  4 oklob plants (Lair:6)
  5 cyclopes
  2 deep elf magi (D:15)
  2 manticores (Lair:6)
  5 black mambas
  18 elephants
  Maurice (D:10)
  3 ice statues
  2 torpor snails
  An eye of devastation (shapeshifter) (Depths:1)
  An eye of devastation (D:14)
  2 gargoyles
  12 cane toads
  4 ice devils
  6 rime drakes
  5 komodo dragons
  4 freezing wraiths (Depths:1)
  A redback zombie (D:15)
  A yaktaur (Depths:1)
  A tengu conjurer (D:15)
  6 tyrant leeches
  A meliai (shapeshifter) (D:13)
  A queen bee (shapeshifter) (D:9)
  A troll (Orc:1)
  3 blink frogs (Lair:1)
  Prince Ribbit (D:5)
  5 bog bodies
  17 hornets
  22 polar bears
  12 hippogriffs
  5 dream sheep
  A centaur simulacrum (D:15)
  A vampire (D:13)
  3 wyverns
  5 spriggans
  Sigmund (D:6)
  4 shadows
  4 wraiths
  8 basilisks
  Grum (D:9)
  60 yaks
  11 humans (D:14)
  19 vampire mosquitoes
  13 swamp worms
  5 insubstantial wisps (Swamp:3)
  3 acid dragons
  11 water moccasins
  Duvessa (D:7)
  14 porcupines
  15 orc warriors
  5 swamp drakes
  4 sky beasts
  A hornet zombie (D:8)
  2 black bears
  2 eyes of draining
  10 ice beasts
  11 ogres
  A necrophage (D:9)
  4 phantoms
  33 wolves
  4 boggarts (Depths:1)
  18 centaurs
  2 lemures (D:8)
  7 crocodiles
  8 big kobolds
  20 bullfrogs
  A water moccasin zombie (D:7)
  2 wyvern skeletons (D:10)
  5 scorpions
  Dowan (D:7)
  8 killer bees
  A swamp dragon simulacrum (Swamp:1)
  7 wights
  3 vampire bats (D:7)
  4 electric eels
  3 centaur zombies
  3 howler monkeys
  3 quasits
  4 bullfrog zombies
  5 bullfrog skeletons
  6 hounds
  10 jellies
  Crazy Yiuf (D:2)
  3 centaur skeletons
  20 orc priests
  Natasha (twice) (D:2)
  5 iguanas
  28 orc wizards
  12 worker ants
  Terence (D:2)
  A hound zombie (D:10)
  A hound skeleton (D:10)
  A howler monkey zombie (D:5)
  A worker ant zombie (D:11)
  Robin (D:2)
  15 gnolls
  15 adders
  2 shadow imps (D:5)
  A white imp (D:5)
  4 ufetubi
  6 oozes
  3 adder zombies
  3 worms
  A dart slug (D:1)
  5 leopard geckos
  62 orcs
  6 bats
  4 bat skeletons (D:7)
  2 bat zombies (D:7)
  6 giant cockroaches
  40 goblins
  38 hobgoblins
  23 jackals
  6 quokkas
  4 ball pythons
  5 frilled lizards
  33 kobolds
  A leopard gecko skeleton (D:4)
  2 leopard gecko zombies
  A quokka zombie (D:5)
  10 rats
  A briar patch (Swamp:4)
1086 creatures vanquished.

Vanquished Creatures (collateral kills)
  An ogre (D:8)
1 creature vanquished.

Vanquished Creatures (others)
  A deep elf knight (D:15)
  An orc (Orc:2)
  2 briar patches (Swamp:2)
  7 bushes
  49 fungi
  111 plants
171 creatures vanquished.

Grand Total: 1258 creatures vanquished

Notes
Turn   | Place    | Note
-------+----------+-------------------------------------------
     0 | D:1      | Kaptain the Octopode Hedge Wizard began the quest for the
                  | Orb.
     0 | D:1      | Reached XP level 1. HP: 11/11 MP: 4/4
   438 | D:1      | Reached XP level 2. HP: 17/17 MP: 1/6
  1084 | D:1      | Reached XP level 3. HP: 22/22 MP: 2/7
  1403 | D:2      | Noticed Robin
  1415 | D:2      | Killed Robin
  1769 | D:2      | Learned a level 2 spell: Blink
  1795 | D:2      | Reached XP level 4. HP: 27/27 MP: 2/9
  1811 | D:2      | Reached skill level 2 in Conjurations
  1977 | D:2      | Reached skill level 1 in Fighting
  2022 | D:2      | Reached XP level 5. HP: 33/33 MP: 1/10
  2123 | D:2      | Noticed Terence
  2125 | D:2      | Noticed a +0 dagger
  2163 | D:2      | Killed Terence
  2273 | D:2      | Noticed a +0 dagger
  2289 | D:2      | Found a hide-covered altar of Uskayaw.
  2473 | D:2      | Learned a level 2 spell: Call Imp
  2477 | D:2      | Learned a level 3 spell: Conjure Flame
  2481 | D:2      | Learned a level 3 spell: Mephitic Cloud
  2547 | D:2      | Found a runed translucent door.
  2547 | D:2      | Noticed Natasha
  2548 | D:2      | Killed Natasha
  2549 | D:2      | Noticed Crazy Yiuf
  2840 | D:2      | Noticed Natasha
  2848 | D:2      | Killed Natasha
  2921 | D:2      | Killed Crazy Yiuf
  2921 | D:2      | Reached XP level 6. HP: 13/38 MP: 8/12
  3148 | D:2      | Reached skill level 3 in Conjurations
  4142 | D:3      | Reached skill level 5 in Stealth
  4779 | D:4      | Found a shadowy altar of Dithmenos.
  4827 | D:4      | Found Qepn's Antique Armour Emporium.
  5078 | D:4      | Reached XP level 7. HP: 45/45 MP: 6/13
  5379 | D:4      | Reached skill level 4 in Conjurations
  6004 | D:4      | Reached skill level 5 in Spellcasting
  6871 | D:4      | Reached XP level 8. HP: 44/51 MP: 8/15
  7535 | D:5      | Entered Level 5 of the Dungeon
  7560 | D:5      | Reached skill level 5 in Conjurations
  8322 | D:5      | Noticed Prince Ribbit
  8338 | D:5      | Killed Prince Ribbit
  9065 | D:5      | Found a sparkling altar of Nemelex Xobeh.
  9081 | D:5      | Reached XP level 9. HP: 35/58 MP: 12/18
  9504 | D:6      | Reached skill level 6 in Conjurations
  9851 | D:6      | Noticed Sigmund
  9863 | D:6      | Killed Sigmund
  9946 | D:6      | Found a sacrificial altar of Ru.
 10054 | D:6      | Found a staircase to the Ecumenical Temple.
 10132 | Temple   | Entered the Ecumenical Temple
 10178 | D:6      | Reached skill level 5 in Dodging
 10879 | D:7      | Found Fuohadgh's Jewellery Emporium.
 10889 | D:7      | Bought a cursed ring of stealth for 159 gold pieces
 10967 | D:7      | Noticed Duvessa
 10968 | D:7      | Noticed Dowan
 10988 | D:7      | Killed Dowan
 11346 | D:7      | Found an ancient bone altar of Kikubaaqudgha.
 11433 | D:7      | Found a stormy altar of Qazlal.
 11481 | D:7      | Reached skill level 7 in Conjurations
 11618 | D:7      | Learned a level 1 spell: Beastly Appendage
 11828 | D:7      | Found a glowing silver altar of Zin.
 11899 | D:7      | Killed Duvessa
 11918 | D:7      | Reached XP level 10. HP: 49/65 MP: 13/21
 12061 | D:8      | Reached skill level 5 in Fighting
 12063 | D:8      | Noticed Gastronok
 12168 | D:7      | Learned a level 2 spell: Swiftness
 12174 | D:7      | Learned a level 5 spell: Bolt of Magma
 12417 | D:7      | Gained mutation: Your mind is acute. (Int +2) [potion of
                  | mutation]
 12417 | D:7      | Gained mutation: You possess an exceptional clarity of
                  | mind. [potion of mutation]
 12417 | D:7      | Gained mutation: You are partially covered in yellow
                  | scales. (AC +2) [potion of mutation]
 12420 | D:8      | Noticed Harold
 12420 | D:8      | Noticed a two-headed ogre
 12443 | D:7      | Killed Harold
 12443 | D:7      | Reached skill level 1 in Earth Magic
 12670 | D:7      | Killed a two-headed ogre
 12670 | D:7      | Reached skill level 8 in Conjurations
 12890 | D:8      | Noticed Pikel
 13412 | D:8      | Killed Pikel
 13992 | D:8      | Found a staircase to the Lair.
 14220 | D:8      | Reached XP level 11. HP: 72/72 MP: 10/23
 14263 | D:7      | Bought an uncursed ring of wizardry for 330 gold pieces
 14563 | D:8      | Noticed a two-headed ogre
 14579 | D:8      | Killed a two-headed ogre
 15088 | D:9      | Found a runed translucent gate.
 15088 | D:9      | Found a runed translucent gate.
 15089 | D:9      | Found a runed translucent gate.
 15127 | D:9      | Reached skill level 9 in Conjurations
 15350 | D:9      | Noticed Yhenk's ghost (novice BaCj)
 15350 | D:9      | Noticed Ridgh's ghost (journeyman DrAE)
 15350 | D:9      | Noticed Bivu's ghost (novice DEAE)
 15350 | D:9      | Noticed Ridgh's ghost (journeyman DrAE)
 15351 | D:9      | Noticed Cummixusk's ghost (novice FoFi)
 15712 | D:9      | Noticed Grum
 15728 | D:9      | Killed Grum
 15822 | D:9      | Found a shimmering blue altar of Sif Muna.
 15945 | D:9      | Found a shattered altar of Ashenzari.
 16088 | D:10     | Entered Level 10 of the Dungeon
 16552 | D:10     | Learned a level 1 spell: Sting
 16559 | D:10     | Learned a level 6 spell: Iron Shot
 16717 | D:10     | Noticed Maurice
 16726 | D:10     | Killed Maurice
 17619 | Lair:1   | Entered Level 1 of the Lair of Beasts
 18000 | Lair:1   | Noticed an oklob plant
 18682 | Lair:2   | Reached XP level 12. HP: 80/80 MP: 19/25
 18683 | Lair:2   | Reached skill level 10 in Conjurations
 18688 | Lair:2   | Reached skill level 5 in Earth Magic
 18987 | Lair:2   | Reached skill level 10 in Spellcasting
 19313 | Lair:2   | Found a hole to the Spider Nest.
 19472 | Lair:2   | Learned a level 5 spell: Lee's Rapid Deconstruction
 19735 | Lair:2   | Found a staircase to the Swamp.
 20997 | Lair:3   | Reached skill level 11 in Conjurations
 21028 | Lair:3   | Noticed an eight-headed hydra
 21256 | Lair:3   | Killed an eight-headed hydra
 21256 | Lair:3   | Reached XP level 13. HP: 88/88 MP: 6/27
 24054 | Lair:5   | You fall into a shaft and drop 1 floor!
 24054 | Lair:6   | Entered Level 6 of the Lair of Beasts
 24091 | Lair:6   | Found a frozen archway.
 24110 | IceCv    | Entered an ice cave
 24384 | IceCv    | Identified the Handbook of Companions and Poison
 24846 | IceCv    | Reached skill level 12 in Conjurations
 25013 | IceCv    | Noticed a frost giant
 25025 | IceCv    | Killed a frost giant
 25039 | IceCv    | Reached XP level 14. HP: 81/95 MP: 3/29
 26593 | Lair:5   | Found a viscous altar of Jiyva.
 26593 | Lair:5   | Found a staircase to the Slime Pits.
 27961 | Lair:6   | Noticed an acid blob
 28016 | Lair:6   | Killed an acid blob
 28168 | Lair:6   | Found a viscous altar of Jiyva.
 28228 | Lair:6   | Reached skill level 10 in Earth Magic
 28809 | Lair:6   | Reached skill level 13 in Conjurations
 29830 | Lair:6   | Identified Sif Muna's Catalogue of the Mutagenic Arsonist
 29839 | Lair:6   | Learned a level 6 spell: Statue Form
 30039 | Lair:6   | Reached skill level 10 in Stealth
 30249 | D:8      | Upgraded the game from 0.26-a0-638-gcca6ad1b57 to
                  | 0.26-a0-639-g72c4674329
 30363 | D:8      | Killed Gastronok
 30363 | D:8      | Reached XP level 15. HP: 102/102 MP: 4/31
 30427 | D:9      | Killed Bivu's ghost
 30440 | D:8      | Killed Yhenk's ghost
 30449 | D:8      | Killed Ridgh's ghost
 30656 | D:9      | Killed Cummixusk's ghost
 30665 | D:9      | Killed Ridgh's ghost
 31472 | D:11     | Found Xawas's Antique Weapon Shop.
 31916 | D:11     | Reached skill level 10 in Dodging
 32117 | D:12     | Found a staircase to the Orcish Mines.
 32292 | D:12     | Noticed Sonja
 32297 | D:12     | Killed Sonja
 32389 | D:12     | Noticed Urug
 32390 | D:12     | Found Roreesh's Antique Weapon Shop.
 32419 | D:12     | Found a snail-covered altar of Cheibriados.
 32669 | Orc:1    | Entered Level 1 of the Orcish Mines
 32856 | Orc:2    | Entered Level 2 of the Orcish Mines
 33329 | Orc:2    | Found Dalefo's Armour Emporium.
 33330 | Orc:2    | Found Ziozxal's Antique Weapon Shoppe.
 33332 | Orc:2    | Found Zeanarr's Gadget Shoppe.
 33335 | Orc:2    | Found Sovvahup's Armour Emporium.
 33368 | Orc:2    | Bought a cursed +0 buckler for 25 gold pieces
 33369 | Orc:2    | Bought a bloodstained scimitar for 279 gold pieces
 33369 | Orc:2    | Identified the +3 scimitar "Motroi" {venom, MR+ Str+6
                  | Int-3} (You bought it in a shop on level 2 of the Orcish
                  | Mines)
 33970 | Orc:2    | Found a staircase to the Elven Halls.
 34225 | D:11     | Bought a smoking broad axe for 252 gold pieces
 34225 | D:11     | Identified the +6 broad axe "Galubal" {antimagic, rC+} (You
                  | bought it in a shop on level 11 of the Dungeon)
 34227 | D:11     | Bought a masterwork war axe for 238 gold pieces
 34227 | D:11     | Identified the +10 war axe of Watchfulness {vorpal, rC+
                  | Int+4} (You bought it in a shop on level 11 of the Dungeon)
 34322 | D:13     | Reached skill level 10 in Fighting
 34350 | D:13     | Noticed Snorg
 34701 | D:12     | Noticed a storm dragon
 34715 | D:12     | Killed a storm dragon
 34994 | D:13     | Killed Snorg
 35207 | D:13     | Noticed Erolcha
 35209 | D:13     | Killed Erolcha
 35313 | D:13     | Reached skill level 14 in Conjurations
 35786 | D:14     | Found Waus Ent's Assorted Antiques.
 35790 | D:14     | Bought a scroll labeled BENYTHR GUKAI for 33 gold pieces
 35865 | D:14     | Found Pataxtett's Antique Armour Shoppe.
 35899 | D:14     | Found a transporter.
 35900 | D:14     | Reached XP level 16. HP: 109/109 MP: 27/33
 35911 | D:14     | Found a transporter.
 36034 | D:14     | Reached skill level 1 in Shields
 36528 | D:14     | Found a gate to the Vaults.
 36543 | D:14     | Got a smoking great sword
 36552 | D:14     | Identified the cursed +0 great sword of Foolhardiness
                  | {vorpal, MR++} (You found it on level 14 of the Dungeon)
 36801 | D:15     | Entered Level 15 of the Dungeon
 36817 | D:15     | Learned a level 7 spell: Orb of Destruction
 37641 | D:15     | Found a staircase to the Depths.
 37712 | D:15     | Identified the +7 hand axe "Killer Klown's Curse"
                  | {antimagic, rF++}
 38669 | Depths:1 | Entered Level 1 of the Depths
 39560 | Depths:1 | Noticed an Ice Fiend
 39570 | Depths:1 | Killed an Ice Fiend
 39878 | Depths:1 | Reached XP level 17. HP: 116/116 MP: 19/35
 39879 | Depths:1 | Reached skill level 5 in Shields
 40881 | Swamp:1  | Entered Level 1 of the Swamp
 41095 | Swamp:1  | Found a transporter.
 41096 | Swamp:1  | Noticed rayg00n's ghost (journeyman OpBe)
 41099 | Swamp:1  | Learned a level 1 spell: Animate Skeleton
 41099 | Swamp:1  | Found a transporter.
 41166 | Swamp:1  | Reached skill level 1 in Fire Magic
 41467 | Swamp:1  | Reached skill level 15 in Conjurations
 41850 | Swamp:1  | Killed rayg00n's ghost
 41903 | Swamp:1  | Got a brightly glowing hand axe
 41909 | Swamp:1  | Identified the +7 hand axe of Ulunuori {distort, rF+ MP+9
                  | Int+5} (You found it on level 1 of the Swamp)
 42430 | Swamp:2  | Found a runed translucent gate.
 42433 | Swamp:2  | Found a runed translucent gate.
 42434 | Swamp:2  | Found a runed translucent gate.
 42436 | Swamp:2  | Noticed Xylaz's ghost (adept GrFi)
 42522 | Swamp:2  | You fall into a shaft and drop 1 floor!
 43182 | Swamp:3  | Noticed Nikola
 43190 | Swamp:3  | Killed Nikola
 43430 | Swamp:3  | Noticed Bai Suzhen
 43437 | Swamp:3  | Killed Bai Suzhen
 43449 | Swamp:3  | Reached XP level 18. HP: 124/124 MP: 18/36
 43976 | Swamp:4  | Entered Level 4 of the Swamp
 44135 | Swamp:4  | Found a large runed translucent door.
 44135 | Swamp:4  | Found a large runed translucent door.
 44147 | Swamp:4  | Noticed radzia's ghost (adept KoFi)
 44190 | Swamp:4  | Killed radzia's ghost
 44513 | Swamp:4  | HP: 7/161 [shambling mangrove (6)]
 44513 | Swamp:4  | Slain by a seven-headed hydra

Illustrated notes

Levels and vault maps discovered:
D:1:      ncdulo_smallfort, layout_basic, chequers_serial_rivers_large_b,
          st_stairs_4
D:2:      layout_loops_cross, dancing_weapons_uskayaw, uniq_crazy_yiuf_cottage,
          uniq_natasha, uniq_robin, uniq_terence
D:3:      layout_basic, grunt_ministairs_7
D:4:      minmay_goblin_kobold_castle, layout_loops_ring, serial_shops,
          nicolae_shop_window_shopping, grunt_dithmenos_smoke
D:5:      layout_basic, nemelex_dance_club_becter, uniq_prince_ribbit1
D:6:      layout_loops_ring, nicolae_overflow_hidden_temple,
          minmay_temple_entry_drinking_statues, uniq_sigmund
D:7:      layout_cave_pools, lemuel_doored_altar, grunt_qazlal_clouds,
          kennysheep_vampire_church, serial_shops, nicolae_shop_waterfront,
          uniq_duvessa
D:8:      minmay_angry_zag, layout_cave_pools, minmay_lair_entry_grove,
          enter_bailey_2, nicolae_wwwww, uniq_harold, uniq_gastronok, uniq_pikel
D:9:      layout_rooms, old_standard_altar, kennysheep_little_box,
          gammafunk_ghost_cemetery, uniq_grum
D:10:     layout_roguey, serial_curves, eino_curves_02, eino_curves_03,
          uniq_maurice
D:11:     layout_long_grid, serial_shops, nicolae_shop_waterfront,
          kennysheep_generic_room_9
D:12:     minmay_klotski, layout_basic, david_orc_3, serial_shops, shop,
          serial_bayou, serial_bayou_pond_a, serial_bayou_crossing,
          serial_bayou_pond_e, cheibriados_altar_1, uniq_urug, uniq_sonja
D:13:     layout_rooms, uniq_erolcha, uniq_snorg
D:14:     gammafunk_jiyva_shrine, layout_loops_ring, ximxim_vaults_locker_room,
          chequers_serial_rivers_small_b, serial_shops, shop, shop
D:15:     hangedman_depths_entry_civil_slaughter, layout_stronghold
Temple:   minmay_freezing_vapour_temple
Lair:1:   layout_cave_pods, minmay_lair_oklob_items
Lair:2:   layout_loops_ring, swamp_mist_pool, spider_nest_entry_web_field,
          infiniplex_staircase_pool
Lair:3:   layout_regular_city, serial_bayou, serial_bayou_shore_b,
          serial_bayou_shore_a, serial_bayou_pond_a, serial_bayou_pond_e,
          lemuel_fruit_tree
Lair:4:   layout_regular_city, nzn_random_ring
Lair:5:   layout_regular_city, dpeg_slime_entry_enclosed_altar
Lair:6:   evilmike_catoblepas_cave, layout_misc_corridors, special_room
          [special_room_jelly], portal_ice_cave_demonic_guard,
          serial_bayou_lake_a, minmay_lair_oklob_chamber
Swamp:1:  layout_basic_swamp, gammafunk_ghost_mausoleum,
          evilmike_swamp_ruin_house_4
Swamp:2:  layout_basic_swamp, gammafunk_ghost_necromancy, serial_swamp_ruin,
          evilmike_swamp_ruin_rubble_2, evilmike_swamp_ruin_house_2
Swamp:3:  layout_basic_swamp, evilmike_swamp_ruin_house_1, swamp_pool1,
          uniq_nikola, uniq_bai_suzhen
Swamp:4:  swamp_alternative, layout_basic_swamp, ebering_ghost_disaster_area,
          swamp_pool1, uniq_louise
Orc:1:    layout_caves
Orc:2:    st_orc_mages, layout_caves
Depths:1: layout_basic, hex_tiny, grunt_pan_entry_sceptre,
          grunt_hell_entry_dis_old, minmay_misc_feat_iff,
          serial_sigils_hangedman_confine, ice2_lemuel

Skill      XL: |  1  2  3  4  5  6  7  8  9 10 11 12 13 14 15 16 17 |
---------------+----------------------------------------------------+-----
Stealth        | 3 4 5 7 8 9 10 | 10.0
Conjurations   | 2 3 4 5 7 8 9 11 12 13 14 15 | 15.6
Fighting       | 1 2 3 4 5 6 7 8 9 10 11 | 11.5
Spellcasting   | 4 5 6 7 8 9 10 11 12 13 14 | 14.9
Dodging        | 3 4 5 6 7 8 9 10 11 | 11.7
Earth Magic    | 2 4 7 9 10 11 12 13 | 13.2
Shields        | 4 7 |  7.2
Fire Magic     | 3 |  3.8
Summonings     | |  1.0
Translocations | |  1.0

Action                   |  1- 3 |  4- 6 |  7- 9 | 10-12 | 13-15 | 16-18 || total
-------------------------+-------+-------+-------+-------+-------+-------++-------
Melee: Dagger            |    29 |    56 |   150 |   155 |       |       ||   390
       Constrict         |     5 |    17 |    42 |    48 |    81 |    28 ||   221
       Tentacles         |       |     7 |    28 |    55 |   137 |    40 ||   267
       Kick              |       |       |     4 |     1 |       |       ||     5
       Great sword       |       |       |       |    92 |       |       ||    92
       Staff             |       |       |       |     5 |       |       ||     5
       Trident           |       |       |       |       |   450 |       ||   450
       Spear             |       |       |       |       |     2 |       ||     2
       War axe           |       |       |       |       |   109 |   157 ||   266
       Hand axe          |       |       |       |       |       |   147 ||   147
 Cast: Magic Dart        |    61 |   182 |   395 |   146 |       |       ||   784
       Call Imp          |       |     1 |     1 |    12 |       |       ||    14
       Conjure Flame     |       |       |     1 |       |     1 |       ||     2
       Mephitic Cloud    |       |       |    17 |    98 |    82 |       ||   197
       Beastly Appendage |       |       |     3 |     1 |     1 |       ||     5
       Blink             |       |       |       |     3 |     4 |     7 ||    14
       Swiftness         |       |       |       |     2 |     2 |     2 ||     6
       Bolt of Magma     |       |       |       |    61 |    36 |    61 ||   158
       Iron Shot         |       |       |       |    29 |   238 |   179 ||   446
       Lee's Rapid Decon |       |       |       |       |    20 |    30 ||    50
       Statue Form       |       |       |       |       |    88 |    95 ||   183
       Orb of Destructio |       |       |       |       |       |     4 ||     4
Evoke: Wand              |       |       |       |     3 |     2 |     5 ||    10
  Use: Scroll            |       |     9 |     4 |    15 |    16 |    17 ||    61
       Potion            |       |     2 |     4 |     7 |     3 |     6 ||    22
 Stab: Sleeping          |     1 |     4 |     5 |     6 |    16 |    12 ||    44
       Confused          |       |       |     6 |    37 |    27 |       ||    70
       Paralysed         |       |       |       |     1 |       |       ||     1
       Distracted        |       |       |       |     1 |     1 |       ||     2
Armor: Skin              |     6 |    18 |    52 |    76 |   472 |   614 ||  1238
Dodge: Dodged            |    18 |    66 |   220 |   352 |  1090 |   923 ||  2669
Block: Buckler           |       |       |       |       |       |   180 ||   180
       Rpst.: Great sword |       |       |       |    34 |       |       ||    34

Table legend: (Time is in decaauts)
 A = Elapsed time spent in this place.
 B = Non-inter-level travel time spent in this place.
 C = Inter-level travel time spent in this place.
 D = Time resting spent in this place.
 E = Time spent auto-exploring this place.
 F = Levels seen in this place.
 G = Mean time per level.
                   A        B        C        D        E       F      G
               +--------+--------+--------+--------+--------+-----+--------+
         Total |  49280 |  47352 |   1928 |  18361 |  17811 |  30 | 1642.7 |
       Dungeon |  27867 |  26654 |   1213 |  11576 |   9327 |  15 | 1857.8 |
        Temple |     15 |     11 |      4 |      0 |     10 |   1 |   15.0 |
          Lair |  11398 |  10789 |    609 |   4771 |   4013 |   6 | 1899.7 |
         Swamp |   5097 |   5032 |     65 |    566 |   2679 |   4 | 1274.2 |
  Orcish Mines |   1942 |   1907 |     35 |    507 |    779 |   2 |  971.0 |
        Depths |   1471 |   1471 |      0 |    281 |    569 |   1 | 1471.0 |
      Ice Cave |   1487 |   1487 |      0 |    659 |    433 |   1 | 1487.0 |
               +--------+--------+--------+--------+--------+-----+--------+

Top non-repeatable levels by time:
    D:15: 3385 daAuts
     D:4: 3030 daAuts
  Lair:6: 2594 daAuts
     D:7: 2531 daAuts
  Lair:5: 2348 daAuts
  Lair:2: 1989 daAuts
     D:8: 1930 daAuts
    D:10: 1880 daAuts
     D:2: 1727 daAuts
     D:5: 1717 daAuts
    D:14: 1669 daAuts
    D:12: 1653 daAuts
   Orc:2: 1625 daAuts
  Lair:3: 1619 daAuts
     D:1: 1610 daAuts
